 Seeded DCSS version 0.28-a0-1213-g0243856f03 (webtiles) character file.

Game seed: 11023650935340118060 (custom seed)

255 oldmanjim the Conjurer (level 6, -1/44 HPs)
             Began as a Gnoll Conjurer on Dec 21, 2021.
             Slain by an orc priest (2 damage)
             ... on level 3 of the Dungeon.
             The game lasted 00:21:31 (3673 turns).

oldmanjim the Conjurer (Gnoll Conjurer)             Turns: 3673, Time: 00:21:32

Health: -1/44      AC:  3    Str:  9    XL:     6   Next: 15%
Magic:  7/13       EV: 12    Int: 17    God:
Gold:   87         SH:  0    Dex: 10    Spells: 12/15 levels left

rFire   . . .      SeeInvis .   i - staff of air
rCold   . . .      Faith    .   (no shield)
rNeg    . . .      Spirit   .   d - +0 leather armour
rPois   .          Reflect  .   (no helmet)
rElec   +          Harm     .   (no cloak)
rCorr   .          Rampage  .   (no gloves)
Will    .....                   (no boots)
Stlth   ++........              (no amulet)
HPRegen 0.14/turn               (no ring)
MPRegen 0.13/turn               (no ring)

@: no status effects
A: fangs 1, strong nose, distributed training
a: no special abilities


You were on level 3 of the Dungeon.
You visited 1 branch of the dungeon, and saw 4 of its levels.

You collected 87 gold pieces.

Inventory:

Hand Weapons
 a - a +0 dagger
Missiles
 b - 158 stones
 g - 14 sling bullets
 l - 26 poisoned darts
 m - 11 arrows
Armour
 d - a +0 leather armour (worn)
 e - a +0 robe
Magical Staves
 i - a staff of air (weapon)
Scrolls
 c - a scroll of blinking
 j - a scroll of teleportation {unknown}
 k - a scroll of brand weapon {unknown}
 n - a scroll of magic mapping {unknown}
Potions
 f - a potion of magic {unknown}
 h - 2 potions of curing {unknown}


   Skills:
 + Level 1.8 Fighting
 + Level 1.8 Short Blades
 + Level 1.8 Long Blades
 + Level 1.8 Axes
 + Level 1.8 Maces & Flails
 + Level 1.8 Polearms
 + Level 1.8 Staves
 + Level 1.8 Slings
 + Level 1.8 Bows
 + Level 1.8 Crossbows
 + Level 1.8 Throwing
 + Level 1.8 Armour
 + Level 4.9 Dodging
 + Level 4.5 Stealth
 + Level 1.8 Shields
 + Level 1.8 Unarmed Combat
 + Level 5.3 Spellcasting
 + Level 7.2 Conjurations
 + Level 1.4 Hexes
 + Level 1.4 Summonings
 + Level 1.4 Necromancy
 + Level 1.4 Translocations
 + Level 1.4 Transmutations
 + Level 1.4 Fire Magic
 + Level 1.4 Ice Magic
 + Level 1.4 Air Magic
 + Level 1.4 Earth Magic
 + Level 1.4 Poison Magic
 + Level 2.0 Invocations
 + Level 1.8 Evocations


You had 12 spell levels left.
You knew the following spells:

 Your Spells              Type           Power      Damage    Failure   Level
a - Magic Dart            Conj           100%       1d8       1%          1
b - Searing Ray           Conj           58%        2d6       1%          2

Your spell library contained the following spells:

 Spells                   Type           Power      Damage    Failure   Level
 Dazzling Flash           Conj/Hex       38%        N/A       10%         3
 Fulminant Prism          Conj/Hex       9%         3d7       30%         4
 Iskenderun's Mystic Bla  Conj/Tloc      19%        2d6       30%         4


Dungeon Overview and Level Annotations

Branches:
Dungeon (4/15)
 Temple: D:4-7

Altars:

Annotations:
D:4 Duvessa


Innate Abilities, Weirdness & Mutations

You have very sharp teeth.
Your uncanny sense of smell can sniff out nearby items.
Your experience applies equally to all skills.


Message History

The orc priest barely misses you.
The orc shouts!
You hit the orc priest.
The orc priest is heavily wounded.
The orc priest hits you but does no damage.
You hit the orc priest but do no damage.
The orc priest is heavily wounded.
The orc priest invokes the aid of Beogh against you.
You barely resist. You closely miss the orc priest.
The orc priest is heavily wounded.
The orc priest closely misses you.
You hit the orc priest but do no damage.
The orc priest is heavily wounded.
The orc priest misses you.
You closely miss the orc priest.
The orc priest is heavily wounded.
The orc priest closely misses you.
An orc comes into view. It is wielding a +0 club.
The orc shouts!
You hit the orc priest.
The orc priest is severely wounded.
The orc priest barely misses you. The orc hits you but does no damage.
You hit the orc priest but do no damage.
The orc priest is severely wounded.
The orc priest hits you but does no damage.
The orc closely misses you.
You barely miss the orc priest.
The orc priest is severely wounded.
The orc priest hits you with a +0 club.
* * * LOW HITPOINT WARNING * * *
The orc closely misses you.
You barely miss the orc priest. Your bite misses the orc priest.
The orc priest is severely wounded.
The orc priest looks braver for a moment.
The orc barely misses you.
You hit the orc priest.
The orc priest is almost dead.
The orc priest hits you with a +0 club.
You die...

.## #..##........## .#
#..##.......## ...
...###.......# ...##.#
#......## ##.... ###..).#
##.######...#.#
.........)##.## # ##
#.........##..## ###. ##.
#.#......####@o##..#..##..
..#.#.###....###o.o.........
.......)......[.............
..##)..#....##########.....##
#....o#### #<..........##
#...### #.##..... #).## ∆
#...# ... ... ##... #>..#
..#.# . #.g. #...# ..# .#
##g.


You could see an orc priest and 2 orcs.

Vanquished Creatures
  Jessica (D:2)
  Natasha (thrice) (D:2)
  4 gnolls
  2 adders
  3 worms
  2 dart slugs
  3 orcs (D:3)
  5 ball pythons
  7 endoplasms
  5 giant cockroaches
  2 goblins
  10 hobgoblins
  9 jackals
  5 quokkas
  4 bats (D:1)
  2 frilled lizards
  6 kobolds
  4 rats
77 creatures vanquished.

Notes
Turn   | Place    | Note
-------+----------+-------------------------------------------
     0 | D:1      | oldmanjim the Gnoll Conjurer began the quest for the Orb.
     0 | D:1      | Reached XP level 1. HP: 13/13 MP: 6/6
   190 | D:1      | Reached XP level 2. HP: 19/19 MP: 3/7
   401 | D:1      | Learned a level 2 spell: Searing Ray
   739 | D:1      | Reached XP level 3. HP: 25/25 MP: 1/9
   853 | D:1      | Reached skill level 5 in Spellcasting
  1114 | D:1      | Reached skill level 1 in Invocations
  1781 | D:2      | Noticed Natasha
  1784 | D:2      | Killed Natasha
  1785 | D:2      | Reached skill level 1 in Fighting
  1785 | D:2      | Reached skill level 1 in Short Blades
  1785 | D:2      | Reached skill level 1 in Long Blades
  1785 | D:2      | Reached skill level 1 in Axes
  1785 | D:2      | Reached skill level 1 in Maces & Flails
  1785 | D:2      | Reached skill level 1 in Polearms
  1785 | D:2      | Reached skill level 1 in Staves
  1785 | D:2      | Reached skill level 1 in Slings
  1785 | D:2      | Reached skill level 1 in Bows
  1785 | D:2      | Reached skill level 1 in Crossbows
  1785 | D:2      | Reached skill level 1 in Throwing
  1785 | D:2      | Reached skill level 1 in Armour
  1785 | D:2      | Reached skill level 1 in Shields
  1785 | D:2      | Reached skill level 1 in Unarmed Combat
  1785 | D:2      | Reached skill level 1 in Evocations
  1785 | D:2      | Reached XP level 4. HP: 32/32 MP: 6/11
  2016 | D:2      | Reached skill level 1 in Hexes
  2016 | D:2      | Reached skill level 1 in Summonings
  2016 | D:2      | Reached skill level 1 in Necromancy
  2016 | D:2      | Reached skill level 1 in Translocations
  2016 | D:2      | Reached skill level 1 in Transmutations
  2016 | D:2      | Reached skill level 1 in Fire Magic
  2016 | D:2      | Reached skill level 1 in Ice Magic
  2016 | D:2      | Reached skill level 1 in Air Magic
  2016 | D:2      | Reached skill level 1 in Earth Magic
  2016 | D:2      | Reached skill level 1 in Poison Magic
  2184 | D:2      | Noticed Jessica
  2186 | D:2      | Killed Jessica
  2187 | D:2      | Reached XP level 5. HP: 37/37 MP: 6/12
  2318 | D:2      | Found a faded altar of an unknown god.
  2327 | D:2      | Noticed Natasha
  2331 | D:2      | Killed Natasha
  2581 | D:2      | Noticed Natasha
  2591 | D:2      | Killed Natasha
  3421 | D:3      | Reached XP level 6. HP: 39/44 MP: 7/13
  3613 | D:4      | Noticed Duvessa
  3663 | D:3      | HP: 1/44 [orc priest/nerve-wracking pain (9)]
  3671 | D:3      | HP: 1/44 [orc priest (1)]
  3673 | D:3      | Slain by an orc priest

Illustrated notes

Levels and vault maps discovered:
D:1:      mainiacjoe_arrival_reflecting_pool, layout_loops_corners,
          minmay_split_cup_large
D:2:      layout_basic, basic_ecumenical_altar, minmay_tetromino_s4,
          uniq_jessica, uniq_natasha
D:3:      layout_rooms, gammafunk_temple_overflow_claw
D:4:      layout_basic, fiery_altar_vehumet, uniq_duvessa

Skill      XL: |  1  2  3  4  5 |
---------------+----------------+-----
Spellcasting   | 5 |  5.3
Invocations    | 1 2 |  2.0
Fighting       | 1 |  1.8
Short Blades   | 1 |  1.8
Long Blades    | 1 |  1.8
Axes           | 1 |  1.8
Maces & Flails | 1 |  1.8
Polearms       | 1 |  1.8
Staves         | 1 |  1.8
Slings         | 1 |  1.8
Bows           | 1 |  1.8
Crossbows      | 1 |  1.8
Throwing       | 1 |  1.8
Armour         | 1 |  1.8
Shields        | 1 |  1.8
Unarmed Combat | 1 |  1.8
Evocations     | 1 |  1.8
Hexes          | 1 |  1.4
Summonings     | 1 |  1.4
Necromancy     | 1 |  1.4
Translocations | 1 |  1.4
Transmutations | 1 |  1.4
Fire Magic     | 1 |  1.4
Ice Magic      | 1 |  1.4
Air Magic      | 1 |  1.4
Earth Magic    | 1 |  1.4
Poison Magic   | 1 |  1.4
Dodging        | |  4.9
Stealth        | |  4.5
Conjurations   | |  7.2

Action                   |  1- 3 |  4- 6 || total
-------------------------+-------+-------++-------
Melee: Staff             |       |    18 ||    18
       Punch             |       |     1 ||     1
       Bite              |       |     1 ||     1
 Cast: Magic Dart        |    48 |    72 ||   120
       Searing Ray       |     9 |    17 ||    26
  Use: Scroll            |       |     2 ||     2
Armor: Leather armour    |       |     5 ||     5
Dodge: Dodged            |     3 |    19 ||    22

Table legend: (Time is in decaauts)
 A = Elapsed time spent in this place.
 B = Non-inter-level travel time spent in this place.
 C = Inter-level travel time spent in this place.
 D = Time resting spent in this place.
 E = Time spent auto-exploring this place.
 F = Levels seen in this place.
 G = Mean time per level.
                   A        B        C        D        E       F      G
               +--------+--------+--------+--------+--------+-----+--------+
         Total |   3687 |   3357 |    330 |    507 |   2298 |   4 |  921.8 |
       Dungeon |   3687 |   3357 |    330 |    507 |   2298 |   4 |  921.8 |
               +--------+--------+--------+--------+--------+-----+--------+

Top non-repeatable levels by time:
     D:1: 1746 daAuts
     D:2: 1263 daAuts
     D:3: 658 daAuts
     D:4: 19 daAuts
